EVO
RICE UNIVERSITY OWLS @ UNIVERSITY OF ARIZONA WILDCATS
12/16/2048
 
TOP OF THE 1ST
Rice University Owls batting - Pitching for University of Arizona Wildcats : LHP Matt Waterbury
Pitching: LHP Matt Waterbury
Batting: RHB Caleb Mercer 0-0: Ball
1-0: Swinging Strike
1-1: SINGLE (Groundball, 4, EV 95.6 MPH)
Batting: SHB Wendel van Baal 0-0: Grounds into double play, 4-6-3 (Groundball, 34, EV 85.0 MPH)
Batting: RHB Jose Soto 0-0: Ball
1-0: Ball
2-0: SINGLE (Line Drive, 7S, EV 106.9 MPH)
Batting: SHB Ken Wilson 0-0: Ball
1-0: Foul Ball, location: 2F
1-1: Foul Ball, location: 2F
1-2: Ball
2-2: Foul Ball, location: 2F
2-2: Ball
3-2: Foul Ball, location: 2F
3-2: Fly out, F9 (Flyball, 89M, EV 95.0 MPH)
Top of the 1st over - 0 runs, 2 hits, 0 errors, 1 left on base; Rice University 0 - University of Arizona 0
BOTTOM OF THE 1ST
University of Arizona Wildcats batting - Pitching for Rice University Owls : RHP Daniel Bushby
Pitching: RHP Daniel Bushby
Batting: RHB Vince Parris 0-0: Ball
1-0: Foul Ball, location: 2F
1-1: Hit by Pitch
Batting: LHB Pascal Noël 0-0: Ball
1-0: Ground out 6-3 (Groundball, 6, EV 108.1 MPH)
Vince Parris to second
Batting: RHB Ron Dondale 0-0: Called Strike
0-1: Ball
1-1: Ball
2-1: Foul Ball, location: 2F
2-2: Ball
3-2: Base on Balls
Batting: LHB Mark Harris 0-0: Fielders Choice at 2nd, 3-6 (Groundball, 34, EV 95.0 MPH)
Vince Parris to third
Batting: RHB Larry Harlow 0-0: Foul Ball, location: 2F
0-1: Foul Ball, location: 2F
0-2: Fly out, F8 (Flyball, 8RD, EV 103.1 MPH)
Bottom of the 1st over - 0 runs, 0 hits, 0 errors, 2 left on base; Rice University 0 - University of Arizona 0
TOP OF THE 2ND
Rice University Owls batting - Pitching for University of Arizona Wildcats : LHP Matt Waterbury
Batting: LHB Chris Gonzales 0-0: Called Strike
0-1: Foul Ball, location: 2F
0-2: Foul Ball, location: 2F
0-2: Strikes out swinging
Batting: SHB Steve Wipf 0-0: Ball
1-0: Ball
2-0: Ball
3-0: Base on Balls
Batting: RHB Javier Quinones 0-0: Ball
1-0: Called Strike
1-1: Grounds into double play, 5-4-3 (Groundball, 5S, EV 80.6 MPH)
Top of the 2nd over - 0 runs, 0 hits, 0 errors, 0 left on base; Rice University 0 - University of Arizona 0
BOTTOM OF THE 2ND
University of Arizona Wildcats batting - Pitching for Rice University Owls : RHP Daniel Bushby
Batting: LHB Lihau Keawe 0-0: Swinging Strike
0-1: Ball
1-1: Foul Ball, location: 2F
1-2: Ball
2-2: Ground out 6-3 (Groundball, 6S, EV 82.5 MPH)
Batting: LHB Jere Paatelainen 0-0: Ground out 6-3 (Groundball, 6, EV 88.8 MPH)
Batting: SHB George Grace 0-0: Ball
1-0: Ground out 6-3 (Groundball, 6, EV 107.5 MPH)
Bottom of the 2nd over - 0 runs, 0 hits, 0 errors, 0 left on base; Rice University 0 - University of Arizona 0
TOP OF THE 3RD
Rice University Owls batting - Pitching for University of Arizona Wildcats : LHP Matt Waterbury
Batting: RHB Allen Jarvis 0-0: Called Strike
0-1: Ball
1-1: Called Strike
1-2: Foul Ball, location: 2F
1-2: Hit by Pitch
Batting: RHB Emanuel Pulido 0-0: 2-RUN HOME RUN (Flyball, 89XD, EV 98.1 MPH), Distance : 405 ft
Batting: RHB Caleb Mercer 0-0: Called Strike
0-1: Ball
1-1: Foul Ball, location: 2F
1-2: Foul Ball, location: 2F
1-2: Ground out 6-3 (Groundball, 6, EV 81.2 MPH)
Batting: SHB Wendel van Baal 0-0: Ball
1-0: Ball
2-0: Foul Ball, location: 2F
2-1: Foul Ball, location: 2F
2-2: Strikes out swinging
Batting: RHB Jose Soto 0-0: Foul Ball, location: 2F
0-1: Foul Ball, location: 2F
0-2: SINGLE (Flyball, 89S, EV 91.9 MPH)
Batting: SHB Ken Wilson 0-0: Ball
1-0: Called Strike
1-1: Ground out 1-3 (Groundball, 15S, EV 63.1 MPH)
Top of the 3rd over - 2 runs, 2 hits, 0 errors, 1 left on base; Rice University 2 - University of Arizona 0
BOTTOM OF THE 3RD
University of Arizona Wildcats batting - Pitching for Rice University Owls : RHP Daniel Bushby
Batting: LHB Jake Heller 0-0: Ball
1-0: Swinging Strike
1-1: Ball
2-1: Ball
3-1: Base on Balls
Batting: RHB Vince Parris 0-0: Ball
1-0: Foul Ball, location: 2F
1-1: Ball
2-1: Ball
3-1: Called Strike
3-2: Fielders Choice at 2nd, 6-4 (Groundball, 6M, EV 101.2 MPH)
Batting: LHB Pascal Noël 0-0: Ground out 4-3 (Groundball, 4M, EV 81.9 MPH)
Vince Parris to second
Batting: RHB Ron Dondale 0-0: SINGLE (Flyball, 8LS, EV 93.8 MPH)
Vince Parris to third
Runner from 3rd tries for Home, SAFE, throw by CF to home
Batting: LHB Mark Harris 0-0: Called Strike
0-1: Ball
1-1: Ground out 4-3 (Groundball, 34, EV 110.0 MPH)
Bottom of the 3rd over - 1 run, 1 hit, 0 errors, 1 left on base; Rice University 2 - University of Arizona 1
TOP OF THE 4TH
Rice University Owls batting - Pitching for University of Arizona Wildcats : LHP Matt Waterbury
Batting: LHB Chris Gonzales 0-0: Ball
1-0: Called Strike
1-1: Foul Ball, location: 2F
1-2: Ball
2-2: Foul Ball, location: 2F
2-2: Ball
3-2: Base on Balls
Batting: SHB Steve Wipf 0-0: Ball
1-0: Fly out, F8 (Flyball, 89XD, EV 108.8 MPH)
Batting: RHB Javier Quinones 0-0: Called Strike
0-1: Swinging Strike
0-2: Reached on error, E4 (Groundball, 4M, EV 84.4 MPH)
Chris Gonzales to second
Batting: RHB Allen Jarvis 0-0: Ball
1-0: SINGLE (Groundball, 34D, EV 96.2 MPH)
Chris Gonzales to third
Javier Quinones to second
Runner from 3rd tries for Home, SAFE, throw by RF to home
Batting: RHB Emanuel Pulido 0-0: Swinging Strike
0-1: Called Strike
0-2: Ball
1-2: Foul Ball, location: 2F
1-2: Fielders Choice at 2nd, 5-4 (Groundball, 5S, EV 80.0 MPH)
Javier Quinones to third
Batting: RHB Caleb Mercer 0-0: Ball
1-0: Ball
2-0: Ball
3-0: Base on Balls
Emanuel Pulido to second
Batting: SHB Wendel van Baal 0-0: Ball
1-0: Called Strike
1-1: Ball
2-1: Ball
3-1: SINGLE (Groundball, 34, EV 101.9 MPH)
Javier Quinones scores
Emanuel Pulido to third
Caleb Mercer to second
Runner from 3rd tries for Home, SAFE, throw by RF to home
Pitching: RHP Rogelio Chavez
Batting: RHB Jose Soto 0-0: Called Strike
0-1: Ball
1-1: Foul Ball, location: 2F
1-2: SINGLE (Groundball, 56D, EV 103.8 MPH)
Caleb Mercer to third
Wendel van Baal to second
Runner from 3rd tries for Home, SAFE, throw by LF to home
Batting: SHB Ken Wilson 0-0: Called Strike
0-1: Foul Ball, location: 2F
0-2: Ball
1-2: Ball
2-2: Strikes out swinging
Top of the 4th over - 4 runs, 3 hits, 1 error, 2 left on base; Rice University 6 - University of Arizona 1
BOTTOM OF THE 4TH
University of Arizona Wildcats batting - Pitching for Rice University Owls : RHP Daniel Bushby
Batting: RHB Larry Harlow 0-0: Ball
1-0: Called Strike
1-1: Called Strike
1-2: Foul Ball, location: 2F
1-2: Fly out, F9 (Flyball, 9D, EV 93.1 MPH)
Batting: LHB Lihau Keawe 0-0: Ball
1-0: Foul Ball, location: 2F
1-1: Foul Ball, location: 2F
1-2: Fly out, F7 (Flyball, 78D, EV 98.1 MPH)
Batting: LHB Jere Paatelainen 0-0: Called Strike
0-1: Ball
1-1: Ball
2-1: Ground out 5-3 (Groundball, 5, EV 88.1 MPH)
Bottom of the 4th over - 0 runs, 0 hits, 0 errors, 0 left on base; Rice University 6 - University of Arizona 1
TOP OF THE 5TH
Rice University Owls batting - Pitching for University of Arizona Wildcats : RHP Rogelio Chavez
Batting: LHB Chris Gonzales 0-0: Foul Ball, location: 2F
0-1: Foul Ball, location: 2F
0-2: Foul Ball, location: 2F
0-2: Strikes out looking
Batting: SHB Steve Wipf 0-0: Called Strike
0-1: Fly out, F8 (Flyball, 8RD, EV 86.9 MPH)
Batting: RHB Javier Quinones 0-0: Called Strike
0-1: Called Strike
0-2: Foul Ball, location: 2F
0-2: Strikes out looking
Top of the 5th over - 0 runs, 0 hits, 0 errors, 0 left on base; Rice University 6 - University of Arizona 1
BOTTOM OF THE 5TH
University of Arizona Wildcats batting - Pitching for Rice University Owls : RHP Daniel Bushby
Batting: SHB George Grace 0-0: Ball
1-0: Foul Ball, location: 2F
1-1: Swinging Strike
1-2: Ball
2-2: Ball
3-2: Fly out, F9 (Flyball, 9S, EV 88.8 MPH)
Batting: LHB Jake Heller 0-0: Ball
1-0: Swinging Strike
1-1: Foul Ball, location: 2F
1-2: Strikes out swinging
Batting: RHB Vince Parris 0-0: Foul Ball, location: 2F
0-1: Foul Ball, location: 2F
0-2: Ground out 5-3 (Groundball, 56, EV 96.9 MPH)
Bottom of the 5th over - 0 runs, 0 hits, 0 errors, 0 left on base; Rice University 6 - University of Arizona 1
TOP OF THE 6TH
Rice University Owls batting - Pitching for University of Arizona Wildcats : RHP Rogelio Chavez
Batting: RHB Allen Jarvis 0-0: Foul Ball, location: 2F
0-1: Ground out 6-3 (Groundball, 6, EV 84.4 MPH)
Batting: RHB Emanuel Pulido 0-0: SINGLE (Line Drive, 9S, EV 95.0 MPH)
Pitching: RHP Steve Wiest
Batting: RHB Caleb Mercer 0-0: Ball
1-0: Foul Ball, location: 2F
1-1: Ball
2-1: Foul Ball, location: 2F
2-2: Foul Ball, location: 2F
2-2: Foul Ball, location: 2F
2-2: DOUBLE (Line Drive, 89D, EV 106.2 MPH)
Emanuel Pulido to third
Batting: SHB Wendel van Baal 0-0: Ground out 6-3 (Groundball, 6, EV 86.9 MPH)
Emanuel Pulido scores
Caleb Mercer to third
Batting: RHB Jose Soto 0-0: Ball
1-0: Ball
2-0: Foul Ball, location: 2F
2-1: Ball
3-1: Foul Ball, location: 2F
3-2: Foul Ball, location: 2F
3-2: Base on Balls
Batting: SHB Ken Wilson 0-0: Ball
1-0: Called Strike
1-1: Foul Ball, location: 2F
1-2: Foul Ball, location: 2F
1-2: Foul Ball, location: 2F
1-2: Ground out 4-3 (Groundball, 4, EV 80.0 MPH)
Top of the 6th over - 1 run, 2 hits, 0 errors, 2 left on base; Rice University 7 - University of Arizona 1
BOTTOM OF THE 6TH
University of Arizona Wildcats batting - Pitching for Rice University Owls : RHP Daniel Bushby
Batting: LHB Pascal Noël 0-0: Ball
1-0: Foul Ball, location: 2F
1-1: DOUBLE (Line Drive, 89M, EV 109.4 MPH)
Batting: RHB Ron Dondale 0-0: Foul Ball, location: 2F
0-1: SINGLE (Groundball, 25, EV 73.8 MPH) (infield hit)
Pascal Noël to third
Batting: LHB Mark Harris 0-0: Swinging Strike
0-1: Fly out, F9 (Line Drive, 9S, EV 93.8 MPH)
Batting: RHB Larry Harlow 0-0: SINGLE (Flyball, 3D, EV 98.8 MPH)
Pascal Noël scores
Ron Dondale to second
Batting: LHB Lihau Keawe 0-0: Ball
Ron Dondale steals 3rd, throwing error, E2
Ron Dondale scores
Larry Harlow to third
1-0: Ground out 4-3 (Groundball, 4, EV 90.0 MPH)
Larry Harlow scores
Batting: LHB Jere Paatelainen 0-0: Swinging Strike
0-1: Foul Ball, location: 2F
0-2: Ball
1-2: Strikes out swinging
Bottom of the 6th over - 3 runs, 3 hits, 1 error, 0 left on base; Rice University 7 - University of Arizona 4
TOP OF THE 7TH
Rice University Owls batting - Pitching for University of Arizona Wildcats : RHP Steve Wiest
Pitching: LHP Jamal Jeter
Batting: LHB Chris Gonzales 0-0: Called Strike
0-1: Swinging Strike
0-2: Ball
1-2: Ball
2-2: Foul Ball, location: 2F
2-2: SINGLE (Groundball, 4M, EV 80.0 MPH) (infield hit)
Batting: SHB Steve Wipf 0-0: Called Strike
0-1: Ball
1-1: Called Strike
1-2: Foul Ball, location: 2F
1-2: Strikes out swinging
Batting: RHB Javier Quinones 0-0: Ball
1-0: Ball
2-0: Foul Ball, location: 2F
2-1: Called Strike
2-2: Strikes out swinging
Batting: RHB Allen Jarvis 0-0: Foul Ball, location: 2F
0-1: Ball
1-1: Ground out 5-3 (Groundball, 5S, EV 80.0 MPH)
Top of the 7th over - 0 runs, 1 hit, 0 errors, 1 left on base; Rice University 7 - University of Arizona 4
BOTTOM OF THE 7TH
University of Arizona Wildcats batting - Pitching for Rice University Owls : RHP Daniel Bushby
Batting: SHB George Grace 0-0: Ground out 2-3 (Groundball, 2R, EV 77.5 MPH)
Pitching: LHP Bill Cheatham
Pinch Hitting: LHB Andrew Davis 0-0: Ball
1-0: Foul Ball, location: 2F
1-1: Ground out 6-3 (Groundball, 6, EV 80.6 MPH)
Pitching: RHP Michael Benford
Pinch Hitting: RHB Eddy Amaya 0-0: Ball
1-0: Called Strike
1-1: Called Strike
1-2: Fly out, F9 (Flyball, 9, EV 97.5 MPH)
Bottom of the 7th over - 0 runs, 0 hits, 0 errors, 0 left on base; Rice University 7 - University of Arizona 4
TOP OF THE 8TH
Rice University Owls batting - Pitching for University of Arizona Wildcats : LHP Jamal Jeter
Pitching: RHP Chris Obloy
Now at 1B: Eddy Amaya
Now at 2B: Andrew Davis
Now in LF: Larry Harlow
Batting: RHB Emanuel Pulido 0-0: Called Strike
0-1: Ball
1-1: Swinging Strike
1-2: Foul Ball, location: 2F
1-2: Ball
2-2: Foul Ball, location: 2F
2-2: Strikes out looking
Batting: RHB Caleb Mercer 0-0: Ball
1-0: TRIPLE (Line Drive, 78XD, EV 102.5 MPH)
Batting: SHB Wendel van Baal 0-0: Ball
1-0: Ball
2-0: Swinging Strike
2-1: Fly out, F8 (Flyball, 8RXD, EV 100.0 MPH)
Runner from 3rd tags up, SCORES, no throw by CF
Batting: RHB Jose Soto 0-0: Foul Ball, location: 2F
0-1: Foul Ball, location: 2F
0-2: Ball
1-2: Foul Ball, location: 2F
1-2: Ball
2-2: Strikes out looking
Top of the 8th over - 1 run, 1 hit, 0 errors, 0 left on base; Rice University 8 - University of Arizona 4
BOTTOM OF THE 8TH
University of Arizona Wildcats batting - Pitching for Rice University Owls : RHP Michael Benford
Batting: LHB Pascal Noël 0-0: Ball
1-0: Ball
2-0: Foul Ball, location: 2F
2-1: Ball
3-1: Base on Balls
Batting: RHB Ron Dondale 0-0: SINGLE (Groundball, 6MD, EV 94.4 MPH)
Pascal Noël to second
Batting: RHB Carlos Maravilla 0-0: Called Strike
0-1: Ball
1-1: Ball
2-1: Grounds into double play, 6-4-3 (Groundball, 6, EV 81.2 MPH)
Pascal Noël to third
Batting: RHB Larry Harlow 0-0: DOUBLE (Line Drive, 9LM, EV 111.9 MPH)
Pascal Noël scores
Batting: LHB Lihau Keawe 0-0: Foul Ball, location: 2F
0-1: Foul Ball, location: 2F
0-2: Strikes out swinging
Bottom of the 8th over - 1 run, 2 hits, 0 errors, 1 left on base; Rice University 8 - University of Arizona 5
TOP OF THE 9TH
Rice University Owls batting - Pitching for University of Arizona Wildcats : RHP Chris Obloy
Pitching: LHP Armando Guzman
Batting: SHB Ken Wilson 0-0: Swinging Strike
0-1: Foul Ball, location: 2F
0-2: Ball
1-2: Foul Ball, location: 2F
1-2: Foul Ball, location: 2F
1-2: Ball
2-2: Foul Ball, location: 2F
2-2: Foul Ball, location: 2F
2-2: SINGLE (Groundball, 34D, EV 100.0 MPH)
Batting: LHB Chris Gonzales 0-0: Foul Ball, location: 2F
0-1: Ball
1-1: Foul Ball, location: 2F
1-2: Ball
2-2: Foul Ball, location: 2F
2-2: Ball
3-2: 2-RUN HOME RUN (Flyball, 9LD, EV 91.9 MPH), Distance : 327 ft
Batting: SHB Steve Wipf 0-0: Fly out, F8 (Flyball, 89D, EV 93.8 MPH)
Batting: RHB Javier Quinones 0-0: Ball
1-0: Ball
2-0: Foul Ball, location: 2F
2-1: Swinging Strike
2-2: Ground out 5-3 (Groundball, 56, EV 86.2 MPH)
Batting: RHB Allen Jarvis 0-0: Called Strike
0-1: Ball
1-1: Ball
2-1: Foul Ball, location: 2F
2-2: Ground out 5-3 (Groundball, 56, EV 79.4 MPH)
Top of the 9th over - 2 runs, 2 hits, 0 errors, 0 left on base; Rice University 10 - University of Arizona 5
BOTTOM OF THE 9TH
University of Arizona Wildcats batting - Pitching for Rice University Owls : RHP Michael Benford
Batting: LHB Jere Paatelainen 0-0: Ground out 3-1 (Groundball, 13, EV 88.1 MPH)
Batting: SHB George Grace 0-0: Swinging Strike
0-1: Ball
1-1: Swinging Strike
1-2: Strikes out looking
Batting: LHB Andrew Davis 0-0: Ball
1-0: Ball
2-0: Ball
3-0: Called Strike
3-1: Base on Balls
Batting: RHB Eddy Amaya 0-0: Foul Ball, location: 2F
0-1: Ball
1-1: Foul Ball, location: 2F
1-2: Fly out, F7 (Flyball, 7D, EV 96.9 MPH)
Bottom of the 9th over - 0 runs, 0 hits, 0 errors, 1 left on base; Rice University 10 - University of Arizona 5
Tuesday, March 28th , 2023 - OOTP Baseball 23.10 Build 110